 Dungeon Crawl Stone Soup version 0.28.0-49-g6dfe1f597d (webtiles) character file.

Game seed: 5696576764729533616

43 Atelerd the Digger (level 3, 0/22 HPs)
             Began as an Octopode Earth Elementalist on May 12, 2022.
             Slain by an orc wizard
             ... wielding a +0 dagger
              (2 damage)
             ... on level 3 of the Dungeon.
             The game lasted 00:02:01 (1352 turns).

Atelerd the Digger (Octopode Earth Elementalist)    Turns: 1352, Time: 00:02:01

Health: 0/22       AC:  1    Str:  7    XL:     3   Next: 58%
Magic:  1/6        EV: 13    Int: 19    God:
Gold:   60         SH:  0    Dex: 12    Spells: 5/6 levels left

rFire   . . .      SeeInvis .   l - +0 rapier
rCold   . . .      Faith    .   (no shield)
rNeg    . . .      Spirit   .   (helmet restricted)
rPois   .          Reflect  .   (no amulet)
rElec   .          Harm     .   (no ring)
rCorr   .          Rampage  .   (no ring)
Will    .....                   (no ring)
Stlth   ++........              (no ring)
HPRegen 0.07/turn               (no ring)
MPRegen 0.10/turn               (no ring)
                                (no ring)
                                (no ring)

@: confused, attractive, very slightly contaminated
A: almost no armour, amphibious, 8 rings, camouflage 1, gelatinous body 1,
(nimble swimmer 1), tentacles
a: no special abilities


You were on level 3 of the Dungeon.
You visited 1 branch of the dungeon, and saw 3 of its levels.

You collected 90 gold pieces.
You spent 30 gold pieces at shops.

Inventory:

Hand Weapons
 g - a +0 short sword
 l - a +0 rapier (weapon)
Missiles
 b - 6 stones
 h - 2 throwing nets
Scrolls
 a - a scroll of brand weapon {unknown}
 d - a scroll of fear {unknown}
 e - a scroll of immolation {unknown}
 f - 2 scrolls of noise
 i - a scroll of identify
 j - a scroll of amnesia {unknown}
Potions
 c - a potion of magic
 k - a potion of attraction
 m - a potion of curing {unknown}


   Skills:
 + Level 0.3 Fighting
 + Level 0.3 Short Blades
 - Level 2.0 Dodging
 - Level 2.6 Stealth
 + Level 2.3 Spellcasting
 + Level 1.2 Transmutations
 + Level 4.0 Earth Magic


You had 5 spell levels left.
You knew the following spells:

 Your Spells              Type           Power      Damage    Failure   Level
a - Sandblast             Erth           34%        2d9       3%          1

Your spell library contained the following spells:

 Spells                   Type           Power      Damage    Failure   Level
 Passwall                 Tmut/Erth      10%        N/A       9%          2
 Stone Arrow              Conj/Erth      18%        3d8       22%         3
 Petrify                  Tmut/Erth      12%        N/A       50%         4
 Summon Forest            Summ/Tloc      1%         N/A       99%         5
 Eringya's Noxious Bog    Tmut/Pois      2%         N/A       100%        6
 Summon Hydra             Summ           1%         N/A       100%        7


Dungeon Overview and Level Annotations

Branches:
Dungeon (3/15)

Altars:
Gozag

Shops:
D:1 ?


Innate Abilities, Weirdness & Mutations

You cannot wear most types of armour.
You are amphibious.
You can wear up to eight rings at the same time.
Your skin changes colour to match your surroundings (Stealth+).
Your rubbery body absorbs attacks. (AC +1, EV +1)
((You are camouflaged when in or above water. (Stealth+)))
You have tentacles for arms and can constrict up to eight enemies at once.


Message History

Confirm with . or Enter, or press ? or * to list all spells.
Aiming: Sandblast (safe; 3% risk of failure)
Press: ? - help, Shift-Dir - straight line The blast of sand hits something.
Casting: Sandblast (safe; 3% risk of failure)
Confirm with . or Enter, or press ? or * to list all spells.
Aiming: Sandblast (safe; 3% risk of failure)
Press: ? - help, Shift-Dir - straight line You miscast Sandblast.
You are very lightly contaminated with residual magic.
Nothing appears to happen.
You hear some strange, mumbled words.
A magic dart appears from out of thin air!
The magic dart hits you.
Casting: Sandblast (safe; 3% risk of failure)
Confirm with . or Enter, or press ? or * to list all spells.
Aiming: Sandblast (safe; 3% risk of failure)
Press: ? - help, Shift-Dir - straight line Something hits you but does no damage.
Unknown command.
Casting: Sandblast (safe; 3% risk of failure)
Confirm with . or Enter, or press ? or * to list all spells.
Aiming: Sandblast (safe; 3% risk of failure)
Press: ? - help, Shift-Dir - straight line The blast of sand hits something.
You hear some strange, mumbled words.
You are confused.
Unknown command.
You're too confused to cast spells.
Sorry, you're not good enough to have a special ability.
You bump into the crystal wall.
Something barely misses you. Something hits you.
You hear some strange, mumbled words.
A magic dart appears from out of thin air!
The magic dart hits you!
* * * LOW HITPOINT WARNING * * *
It was a potion of attraction.
You feel attractive to monsters. Something hits you.
You die...

#........#
#+#........#
###.####.#####
###...## #.#
###...#..# #.#
###...####.###.#
#...#+# #..##.#
..##.## ##.##.##
..#†.# #@.#..#
#.##.## ##{##.#
..#..# ###.....#
#.##.####...#####
#..#..#...###
##.##..o###
#...'.###
#.o.##### #o..#


There were no monsters in sight!

Vanquished Creatures
  An adder (D:2)
  2 worms (D:2)
  2 dart slugs
  4 endoplasms
  A giant cockroach (D:1)
  2 hobgoblins (D:1)
  2 kobolds
  6 ball pythons
  A bat (D:2)
  2 frilled lizards
  2 rats (D:2)
25 creatures vanquished.

Notes
Turn   | Place    | Note
-------+----------+-------------------------------------------
     0 | D:1      | Atelerd the Octopode Earth Elementalist began the quest for
                  | the Orb.
     0 | D:1      | Reached XP level 1. HP: 11/11 MP: 3/3
    73 | D:1      | Found Ajihood's Magic Scroll Shoppe.
   121 | D:1      | Bought a scroll of identify for 20 gold pieces
   121 | D:1      | Bought a scroll of noise for 10 gold pieces
   131 | D:1      | Found a faded altar of an unknown god.
   186 | D:1      | Reached XP level 2. HP: 16/17 MP: 5/5
   720 | D:2      | Reached XP level 3. HP: 21/21 MP: 2/6
   851 | D:2      | Found an opulent altar of Gozag.
  1126 | D:2      | Reached skill level 4 in Earth Magic
  1352 | D:3      | Slain by an orc wizard

Illustrated notes

Levels and vault maps discovered:
D:1:      scummos_arrival_simple_crosswalls, layout_basic,
          dreamdust_ecumenical_altar_grove, serial_shops, nicolae_shop_trees,
          minmay_unequal
D:2:      layout_rooms, serial_glass, glass_columns_c, glass_columns_b,
          basic_altar
D:3:      minmay_skewed_foursquare, layout_rooms, vehumet_crystals,
          ebering_ghost_sewer_d, serial_corexii_hall,
          chequers_hall_statues_wall_a, corexii_hall_statues_deadend,
          uniq_terence, uniq_ijyb, uniq_grinder

Skill      XL: |  1  2  3 |
---------------+----------+-----
Earth Magic    | 4 |  4.0
Fighting       | |  0.3
Short Blades   | |  0.3
Dodging        | |  2.0
Stealth        | |  2.6
Spellcasting   | |  2.3
Transmutations | |  1.2

Action                   || total
-------------------------++-------
Melee: Short sword       ||    21
       Tentacles         ||     7
       Unarmed           ||     1
       Constrict         ||     7
       Rapier            ||     2
 Cast: Sandblast         ||    24
  Use: Scroll            ||     1
       Potion            ||     1
 Stab: Sleeping          ||     4
Armor: Skin              ||     2
Dodge: Dodged            ||    17
